 Dungeon Crawl Stone Soup version 0.28-a0-991-g956f0ee3d5 (webtiles) character file.

Game seed: 1483565503562072193

48 vurker the Gusty (level 3, 15/15 HPs)
             Began as a Felid Air Elementalist on Dec 4, 2021.
             Quit the game on level 3 of the Dungeon.
             The game lasted 00:02:45 (3588 turns).

vurker the Gusty (Felid Air Elementalist)           Turns: 3588, Time: 00:02:46

Health: 15/15      AC:  1    Str: 10    XL:     3   Next: 50%
Magic:  8/8        EV: 17    Int: 18    God:
Gold:   122        SH:  0    Dex: 16    Spells: 7/8 levels left
                                        Lives:  0   Deaths: 1

rFire   . . .      SeeInvis +   (weapon unavailable)
rCold   . . .      Faith    .   (shield unavailable)
rNeg    . . .      Spirit   .   (armour unavailable)
rPois   .          Reflect  .   (helmet unavailable)
rElec   .          Harm     .   (cloak unavailable)
rCorr   .          Rampage  .   (gloves unavailable)
Will    .....                   (boots unavailable)
Stlth   ++........              (no amulet)
HPRegen 0.05/turn               e - +6 ring of strength
MPRegen 0.11/turn               (no ring)

@: quick
A: very small, claws 1, fangs 3, see invisible, speed 1, shaggy fur 1, stealthy
paws, no weapons or thrown items, no armour, multi-lived
a: no special abilities


You were on level 3 of the Dungeon.
You visited 1 branch of the dungeon, and saw 3 of its levels.

You collected 122 gold pieces.

Inventory:

Jewellery
 e - a +6 ring of strength (left paw)
   (You found it on level 1 of the Dungeon)
Scrolls
 b - 2 scrolls of identify {unknown}
 c - a scroll of holy word {unknown}
 d - a scroll of silence {unknown}
 j - a scroll of enchant armour {unknown}
 k - a scroll of immolation {unknown}
Potions
 a - a potion of haste {unknown}
 f - a potion of attraction {unknown}
 g - 2 potions of lignification {unknown}
 h - 2 potions of curing {unknown}
 i - 2 potions of brilliance {unknown}


   Skills:
 + Level 1.3 Fighting
 - Level 2.6 Dodging
 - Level 2.6 Stealth
 * Level 3.0 Spellcasting
 + Level 1.7 Conjurations
 * Level 3.5 Air Magic


You had 7 spell levels left.
You knew the following spells:

 Your Spells              Type           Power      Damage    Failure   Level
a - Shock                 Conj/Air       48%        1d6       5%          1

Your spell library contained the following spells:

 Spells                   Type           Power      Damage    Failure   Level
 Magic Dart               Conj           32%        1d4       9%          1
 Static Discharge         Conj/Air       12%        N/A       9%          2
 Swiftness                Air            15%        N/A       12%         3
 Call Imp                 Summ           2%         N/A       24%         2
 Mephitic Cloud           Conj/Pois/Air  9%         N/A       24%         3
 Airstrike                Air            7%         N/A       36%         4


Dungeon Overview and Level Annotations

Branches:
Dungeon (3/15)

Altars:


Innate Abilities, Weirdness & Mutations

You have sharp claws.
You have razor-sharp teeth.
You have supernaturally acute eyesight. (SInv)
You cover ground quickly. (Speed+)
You are covered in fur. (AC +1)
Your paws help you pounce on unaware monsters.
You are incapable of wielding weapons or throwing items.
You cannot wear armour.
You gain extra lives every three experience levels.


Message History

An orc wizard comes into view. It is wielding a +0 dagger.
The ball python misses you. x2
Aim: a ball python (64% to hit)
The zap hits the ball python.
The orc wizard shouts!
You hear a shout!
The orc wizard mumbles some strange words.
The orc wizard flickers and vanishes for a moment.
The ball python closely misses you. x2
An orc comes into view. It is wielding a +0 flail.
Aim: a ball python (moderately wounded, 64% to hit)
The zap misses the ball python.
The ball python misses you. The ball python grabs you.
The ball python constricts you.
Aim: a ball python (constricting you, 64% to hit)
The zap hits the ball python.
The ball python closely misses you. The ball python constricts you.
The orc wizard casts a spell at you.
You are confused.
You escape the ball python's grasp.
An orc comes into view. It is wielding a +0 whip.
The orc shouts!
The ball python closely misses you. x2
The ball python misses you. The ball python barely misses you.
The orc wizard mumbles some strange words.
The orc wizard flickers and vanishes for a moment.
The orc wizard points at you and mumbles some strange words.
You are more confused.
The ball python misses you. The ball python barely misses you.
The ball python barely misses you. The ball python grabs you.
The ball python constricts you.
You escape the ball python's grasp.
The orc wizard gestures at you while chanting.
The magic dart hits you.
There is a stone staircase leading up here.
The ball python misses you. The ball python barely misses you.
In your confused state, you trip and fall back down the stairs.
* * * LOW HITPOINT WARNING * * *
The ball python bites you.
* * * LOW HITPOINT WARNING * * *
The ball python grabs you. The ball python constricts you.
* * * LOW HITPOINT WARNING * * *
You escape the ball python's grasp.
The ball python bites you.
* * * LOW HITPOINT WARNING * * *
The ball python grabs you.
You stop ascending the stairs.
The ball python constricts you.
* * * LOW HITPOINT WARNING * * *
The orc hits you with a +0 flail!
You die...
You are now level 3!
You rejoin the land of the living...
Something loses its grip on you. .##.##### .......@# ###.#####

There were no monsters in sight!

Vanquished Creatures
  4 gnolls (D:2)
  An adder (D:2)
  2 worms (D:2)
  A dart slug (D:1)
  2 endoplasms
  6 goblins
  5 hobgoblins
  A jackal (D:1)
  6 kobolds
  2 quokkas (D:1)
  6 ball pythons
  2 bats (D:1)
  A frilled lizard (D:1)
  8 rats
47 creatures vanquished.

Notes
Turn   | Place    | Note
-------+----------+-------------------------------------------
     0 | D:1      | vurker the Felid Air Elementalist began the quest for the
                  | Orb.
     0 | D:1      | Reached XP level 1. HP: 7/7 MP: 4/4
    43 | D:1      | Reached skill level 1 in Conjurations
   245 | D:1      | Reached XP level 2. HP: 5/12 MP: 0/6
   849 | D:1      | Found a faded altar of an unknown god.
  1163 | D:2      | Reached XP level 3. HP: 15/15 MP: 3/7
  1572 | D:2      | Reached skill level 1 in Fighting
  2282 | D:2      | Reached XP level 4. HP: 19/19 MP: 4/9
  3587 | D:3      | Slain by an orc
  3588 | D:3      | Reached XP level 3. HP: -4/15 MP: 6/8
  3588 | D:3      | Quit the game

Illustrated notes

Levels and vault maps discovered:
D:1:      dpeg_arrival_brainrot, layout_basic, chequers_ecumenical_altar_lobes,
          minmay_pentomino_q2
D:2:      layout_basic, patterned_corridor
D:3:      layout_basic, serial_shops, shop_scrolls, serial_rivers,
          chequers_serial_rivers_large_b, chequers_serial_rivers_small_a,
          chequers_serial_rivers_small_3, chequers_serial_rivers_micro_c,
          minmay_close_crescents

Skill      XL: |  1  2  3  4 |
---------------+-------------+-----
Conjurations   | 1 |  1.7
Air Magic      | 3 |  3.5
Fighting       | 1 |  1.3
Spellcasting   | 3 |  3.0
Dodging        | |  2.6
Stealth        | |  2.6

Action                   |  1- 3 |  4- 6 || total
-------------------------+-------+-------++-------
Melee: Unarmed           |    12 |     1 ||    13
 Cast: Shock             |   106 |    23 ||   129
Armor: Skin              |     2 |       ||     2
Dodge: Dodged            |    22 |    18 ||    40

Table legend: (Time is in decaauts)
 A = Elapsed time spent in this place.
 B = Non-inter-level travel time spent in this place.
 C = Inter-level travel time spent in this place.
 D = Time resting spent in this place.
 E = Time spent auto-exploring this place.
 F = Levels seen in this place.
 G = Mean time per level.
                   A        B        C        D        E       F      G
               +--------+--------+--------+--------+--------+-----+--------+
         Total |   3199 |   3143 |     56 |    319 |   2463 |   3 | 1066.3 |
       Dungeon |   3199 |   3143 |     56 |    319 |   2463 |   3 | 1066.3 |
               +--------+--------+--------+--------+--------+-----+--------+

Top non-repeatable levels by time:
     D:2: 1819 daAuts
     D:1: 1360 daAuts
     D:3: 19 daAuts
